Construct Infanterie Kompanie
Selects Mechanized Battlegroup
Construct Panzergrenadier Kompanie
Selects Wespe Self-propelled Artillery
Pak 40 Anti-tank Gun Team
Wespe Self-propelled Artillery
Panzergrenadier Officer Quarters
Wespe Self-propelled Artillery
Pak 40 Anti-tank Gun Team
Wespe Self-propelled Artillery
Infanterie Officer Quarters
Wespe Self-propelled Artillery
Selects Zeroing Artillery Barrage
Selects 8 Rad Armored Car
Selects UNKNOWN (2160084)
Construct Panzer Kompanie
Zeroing Artillery Barrage